 Dungeon Crawl Stone Soup version 0.29.1-2-gbd0b4ee654 (webtiles) character file.

Game seed: 17480321934434096653

49 croobank the Conjurer (level 3, -1/24 HPs)
             Began as a Demonspawn Conjurer on Oct 29, 2022.
             Slain by a gnoll
             ... wielding a +0 club
              (8 damage)
             ... on level 2 of the Dungeon.
             The game lasted 00:06:15 (2276 turns).

croobank the Conjurer (Demonspawn Conjurer)         Turns: 2276, Time: 00:06:16

Health: -1/24      AC:  5    Str:  7    XL:     3   Next: 53%
Magic:  6/6        EV: 12    Int: 21    God:
Gold:   129        SH:  0    Dex: 11    Spells: 0/6 levels left

rFire   . . .      SeeInvis .   a - +3 short sword (vamp)
rCold   . . .      Faith    .   (no shield)
rNeg    . . .      Spirit   .   g - +0 robe
rPois   .          Reflect  .   o - +1 helmet
rElec   .          Harm     .   (no cloak)
rCorr   .          Rampage  .   h - +0 pair of gloves
Will    .....                   (no boots)
Stlth   ++........              (no amulet)
HPRegen 0.08/turn               (no ring)
MPRegen 0.10/turn               (no ring)

@: no status effects
A: hooves 1, demonic guardian 1
a: no special abilities


You were on level 2 of the Dungeon.
You visited 1 branch of the dungeon, and saw 2 of its levels.

You collected 129 gold pieces.

Inventory:

Hand Weapons
 a - a +3 vampiric short sword (weapon)
 c - a +0 mace
 f - a +0 dagger
Armour
 g - a +0 robe (worn)
 h - a +0 pair of gloves (worn)
 o - a +1 helmet (worn)
Jewellery
 l - a ring of resist corrosion
Scrolls
 d - 2 scrolls of teleportation
Potions
 b - a potion of magic
 e - a potion of mutation {unknown}
 i - a potion of attraction {unknown}
 j - a potion of curing {unknown}
 k - 2 potions of haste {unknown}
 m - a potion of lignification {unknown}


   Skills:
 + Level 0.2 Fighting
 + Level 2.3 Dodging
 + Level 2.3 Stealth
 + Level 2.4 Spellcasting
 + Level 4.3 Conjurations
 + Level 0.3 Hexes


You couldn't memorise any spells.
You knew the following spells:

 Your Spells              Type           Power      Damage    Failure   Level
a - Magic Dart            Conj           80%        1d7       2%          1
b - Searing Ray           Conj           40%        2d5       3%          2
c - Dazzling Flash        Conj/Hex       24%        N/A       16%         3

Your spell library contained the following spells:

 Spells                   Type           Power      Damage    Failure   Level
 Fulminant Prism          Conj/Hex       6%         3d7       47%         4
 Iskenderun's Mystic Bla  Conj/Tloc      11%        2d4       50%         4


Dungeon Overview and Level Annotations

Branches:
Dungeon (2/15)

Altars:


Innate Abilities, Weirdness & Mutations

You have large cloven feet.
A weak demonic guardian rushes to your aid.


Message History

You kick the worm.
The worm is severely wounded.
You hear a shout!
An endoplasm comes into view.
The worm barely misses you.
A gnoll comes into view. It is wielding a +0 spear.
The endoplasm quivers.
You hit the worm.
The worm is almost dead.
You puncture the worm!
You kill the worm!
A gnoll comes into view. It is wielding a +0 spear.
The gnoll closely misses you. The gnoll barely misses you.
You hit the gnoll. You kick the gnoll, but do no damage.
The gnoll is moderately wounded.
The gnoll closely misses you.
You hit the gnoll.
The gnoll is moderately wounded.
The gnoll barely misses you.
You completely miss the gnoll. You kick the gnoll.
The gnoll is severely wounded.
You hit the gnoll.
The gnoll is severely wounded.
The gnoll closely misses you.
A gnoll comes into view. It is wielding a +0 spear.
The gnoll hits you but does no damage. The gnoll attacks as you move away!
The gnoll hits you with a +0 spear. The gnoll hits you but does no damage.
You hit the gnoll. Your kick misses the gnoll.
The gnoll is moderately wounded.
The gnoll barely misses you. The gnoll hits you with a +0 club.
You hit the gnoll.
You feel better.
The gnoll is severely wounded.
The gnoll hits you from afar with a +0 spear!
A demonic guardian appears!
The gnoll closely misses you.
The gnoll hits you from afar with a +0 spear.
* * * LOW HITPOINT WARNING * * *
The gnoll hits you with a +0 club!
You die...

####### ##### ##.....#
##...####
###..###.###########
##.......# ...#.#
#........@gg#
##........#
.##..###.#########5#
#.........##
.##......#
######g###...........
.......###
##........#.........##
#####.##
#....g#.#.##........#
#.#
#...g...#.###.......#
#.# #.....### #
##...#### ##+##
##...## ##.#####
##...## ##.# #.....##


You could see 2 gnolls and a friendly ufetubus (summoned).

Vanquished Creatures
  2 worms (D:2)
  A dart slug (D:2)
  5 ball pythons (D:1)
  5 bats (D:1)
  4 endoplasms (D:1)
  A giant cockroach (D:1)
  3 goblins (D:1)
  4 hobgoblins (D:1)
  3 kobolds
  4 quokkas
  3 frilled lizards (D:1)
  2 rats
37 creatures vanquished.

Notes
Turn   | Place    | Note
-------+----------+-------------------------------------------
     0 | D:1      | croobank the Demonspawn Conjurer began the quest for the
                  | Orb.
     0 | D:1      | Reached XP level 1. HP: 13/13 MP: 3/3
   328 | D:1      | Gained mutation: A weak demonic guardian rushes to your
                  | aid. [demonic ancestry]
   328 | D:1      | Reached XP level 2. HP: 19/19 MP: 0/5
   331 | D:1      | Learned a level 2 spell: Searing Ray
  1044 | D:1      | Gained mutation: You have large cloven feet. [demonic
                  | ancestry]
  1044 | D:1      | Reached XP level 3. HP: 24/24 MP: 3/6
  1106 | D:1      | Learned a level 3 spell: Dazzling Flash
  2276 | D:2      | Slain by a gnoll

Illustrated notes

Levels and vault maps discovered:
D:1:      dpeg_arrival_rooms_b, layout_basic, chequers_jeans,
          chequers_serial_rivers_small_a, hex_medium
D:2:      layout_loops_corners

Skill      XL: |  1 |
---------------+----+-----
Stealth        | 2 |  2.3
Dodging        | 2 |  2.3
Fighting       | |  0.2
Spellcasting   | |  2.4
Conjurations   | |  4.3
Hexes          | |  0.3

Action                   || total
-------------------------++-------
Melee: Mace              ||     7
       Unarmed           ||     3
       Short sword       ||    35
       Kick              ||    10
 Cast: Magic Dart        ||    54
       Searing Ray       ||     1
  Use: Scroll            ||     5
 Stab: Sleeping          ||     1
Armor: Robe              ||     6
Dodge: Dodged            ||    42
